 Dungeon Crawl Stone Soup version 0.30-a0-972-gf3ab3527aa (webtiles) character file.

Game seed: 272177776876732623

540 bande the Chopper (level 7, 0/44 HPs)
             Began as a Gargoyle Fighter on Mar 31, 2023.
             Slain by a water moccasin (3 damage)
             ... on level 5 of the Dungeon.
             The game lasted 00:05:32 (3580 turns).

bande the Chopper (Gargoyle Fighter)                Turns: 3580, Time: 00:05:32

Health: 0/44       AC: 15    Str: 19    XL:     7   Next: 26%
Magic:  7/7        EV:  9    Int:  9    God:
Gold:   206        SH:  5    Dex: 14    Spells: 6/6 levels left

rFire   + . .      SeeInvis .    a - +1 war axe (chaos)
rCold   . . .      Faith    .    c - +0 buckler
rNeg    + . .      Spirit   .    b - +0 scale mail
rPois   ∞          Reflect  .    u - +0 helmet
rElec   +          Rampage  .    (no cloak)
rCorr   .                        r - +1 pair of gloves {Dex+3}
Will    .....                    (no boots) Stlth
                                 (no amulet)
HPRegen 0.27/turn                e - ring of protection from fire
MPRegen 0.10/turn                (no ring)

@: no status effects
A: sickness immunity, AC +4, negative energy resistance 1, electricity
resistance, torment resistance 1, petrification resistance
a: no special abilities


You were on level 5 of the Dungeon.
You visited 1 branch of the dungeon, and saw 5 of its levels.

You collected 206 gold pieces.

Inventory:

Hand Weapons
 a - a +1 war axe of chaos (weapon)
 l - a +0 flail
 s - a +0 war axe
Armour
 b - a +0 scale mail (worn)
 c - a +0 buckler (worn)
 r - a +1 pair of gloves of dexterity (worn)
 u - a +0 helmet (worn)
Jewellery
 e - a ring of protection from fire (left hand)
Scrolls
 o - 2 scrolls of summoning
 p - a scroll of teleportation
 t - a scroll of blinking
Potions
 d - 4 potions of might
 f - a potion of heal wounds
 g - 2 potions of mutation
 h - a potion of brilliance
 i - 4 potions of curing
 j - a potion of magic
 k - a potion of haste
 m - a potion of invisibility {unknown}
 n - 3 potions of cancellation {unknown}
 q - a potion of flight {unknown}


   Skills:
 + Level 4.5 Fighting
 + Level 5.2 Axes
 + Level 4.8 Armour
 + Level 4.3 Shields


You had 6 spell levels left.
You didn't know any spells.
Your spell library contained the following spells:

 Spells                   Type           Power      Damage    Failure   Level
 Foxfire                  Conj/Fire      0%         2x1d2     83%         1
 Magic Dart               Conj           0%         1d3       83%         1
 Slow                     Hex            0%         N/A       83%         1
 Searing Ray              Conj           0%         2d4       92%         2
 Confusing Touch          Hex            0%         N/A       99%         3
 Vampiric Draining        Necr           0%         2d6       99%         3
 Fulminant Prism          Conj/Hex       0%         3d5       100%        4
 Fireball                 Conj/Fire      0%         3d3       100%        5
 Starburst                Conj/Fire      0%         6d3       100%        6


Dungeon Overview and Level Annotations

Branches:
Dungeon (5/15)             Temple (0/1) D:5

Altars:
Cheibriados
Elyvilon


Innate Abilities, Weirdness & Mutations

You are immune to sickness and miasma.
Your stone body is resilient. (AC +4)
You are immune to poison.
You resist negative energy. (rN+)
You are resistant to electric shocks. (rElec)
You are resistant to unholy torment.
You are immune to petrification.


Message History

You hit the iguana.
The iguana is lightly wounded.
You closely miss the water moccasin. You slash the gnoll!
You barely miss the gnoll bouda. You block the water moccasin's attack.
The gnoll hits you but does no damage. x2
The iguana bites you but does no damage.
The gnoll bouda hits you with a +0 whip.
You block the gnoll's attack.
The water moccasin bites you but does no damage.
The gnoll closely misses you. The gnoll hits you but does no damage.
The iguana bites you.
The gnoll bouda hits you but does no damage.
You hit the iguana. You burn the iguana.
The iguana is moderately wounded.
You slash the gnoll bouda! You hit the water moccasin.
You closely miss the gnoll. The water moccasin misses you.
The gnoll closely misses you. You block the gnoll's attack.
The gnoll hits you but does no damage. The iguana bites you.
The gnoll bouda hits you with a +0 whip!
* * * LOW HITPOINT WARNING * * *
The water moccasin bites you but does no damage.
You slash the iguana!
The iguana appears confused.
The iguana is almost dead.
You barely miss the gnoll bouda. You hit the water moccasin.
The water moccasin is poisoned.
You slash the gnoll!
You kill the gnoll!
You block the gnoll's attack.
The water moccasin bites you but does no damage.
The gnoll hits you but does no damage. You block the gnoll bouda's attack.
You block the gnoll's attack. The water moccasin barely misses you.
You slash the iguana! You burn the iguana.
You kill the iguana!
You hit the water moccasin but do no damage.
Space warps horribly around the water moccasin!
You hit the gnoll bouda but do no damage.
You block the gnoll's attack.
The gnoll bouda hits you with a +0 whip!
* * * LOW HITPOINT WARNING * * *
The water moccasin bites you.
You die...

.. ....##.. ##.# #..
#....... ..# ##.........
# ## ..##....##.....##
#.#.. .....##.##....#..
#....###...# #....##.#.#
#...........##....##...#
#..)..#...#.......#.#
#..>@.###.#..##.#....
..#..g.S#.........###..
......g.g......##### #..
.....###.......# #..
<.... #.....##.# #.>
......#...####.# #..
........#.####.## #..
....#............ #..
#..#......... #..


You could see a water moccasin (very poisoned), a gnoll bouda and 2 gnolls.

Vanquished Creatures
  3 scorpions
  A howler monkey (D:5)
  A hound (D:5)
  2 sleepcaps
  An iguana (D:5)
  An orc wizard (D:4)
  8 adders
  8 gnolls
  An ufetubus (D:5)
  A worm (D:2)
  4 orcs (D:4)
  5 endoplasms
  A giant cockroach (D:3)
  7 hobgoblins
  2 jackals (D:2)
  3 quokkas
  5 ball pythons
  7 bats
  3 frilled lizards
  4 goblins
  8 kobolds
  9 rats
85 creatures vanquished.

Notes
Turn   | Place    | Note
-------+----------+-------------------------------------------
     0 | D:1      | bande the Gargoyle Fighter began the quest for the Orb.
     0 | D:1      | Reached XP level 1. HP: 14/14 MP: 1/1
   196 | D:1      | Reached XP level 2. HP: 19/19 MP: 2/2
   425 | D:1      | Reached skill level 2 in Axes
   769 | D:2      | Reached XP level 3. HP: 23/23 MP: 3/3
  1333 | D:2      | Reached XP level 4. HP: 4/29 MP: 4/4
  1727 | D:2      | Reached skill level 3 in Axes
  1893 | D:2      | Reached XP level 5. HP: 33/33 MP: 5/5
  2843 | D:3      | Found a snail-covered altar of Cheibriados.
  2998 | D:4      | Reached skill level 4 in Axes
  2998 | D:4      | Reached XP level 6. HP: 35/38 MP: 6/6
  3272 | D:4      | Identified the +1 hand axe "Ogrebane" {freeze, rElec Str+5}
  3446 | D:5      | Entered Level 5 of the Dungeon
  3450 | D:5      | Reached XP level 7. HP: 44/44 MP: 7/7
  3454 | D:5      | Found a white marble altar of Elyvilon.
  3486 | D:5      | Reached skill level 5 in Axes
  3559 | D:5      | Found a staircase to the Ecumenical Temple.
  3580 | D:5      | Slain by a water moccasin

Illustrated notes

Levels and vault maps discovered:
D:1:      dpeg_arrival_radiant, layout_basic
D:2:      layout_basic
D:3:      layout_rooms, chei_slow_surprise
D:4:      layout_basic
D:5:      layout_rooms, mainiacjoe_overflow_tiny_flanked,
          minmay_temple_entry_tees, serial_bayou_pond_c, hex_medium

Skill      XL: |  1  2  3  4  5  6  7 |
---------------+----------------------+-----
Axes           | 2 3 4 5 |  5.2
Armour         | 4 |  4.8
Fighting       | 4 |  4.5
Shields        | 4 |  4.3

Action                     |  1- 3 |  4- 6 |  7- 9 || total
---------------------------+-------+-------+-------++-------
  Melee: War axe           |    74 |   141 |    15 ||   230
    Use: Scroll            |       |    19 |       ||    19
 Armour: Scale mail        |    34 |    73 |    21 ||   128
  Dodge: Dodged            |    39 |    71 |    13 ||   123
  Block: Buckler           |    17 |    33 |    10 ||    60

Table legend: (Time is in decaauts)
 A = Elapsed time spent in this place.
 B = Non-inter-level travel time spent in this place.
 C = Inter-level travel time spent in this place.
 D = Time resting spent in this place.
 E = Time spent auto-exploring this place.
 F = Levels seen in this place.
 G = Mean time per level.
                   A        B        C        D        E       F      G
               +--------+--------+--------+--------+--------+-----+--------+
         Total |   3672 |   3624 |     48 |    936 |   1881 |   5 |  734.4 |
       Dungeon |   3672 |   3624 |     48 |    936 |   1881 |   5 |  734.4 |
               +--------+--------+--------+--------+--------+-----+--------+

Top non-repeatable levels by time:
     D:1: 1520 daAuts
     D:2: 968 daAuts
     D:3: 574 daAuts
     D:4: 470 daAuts
     D:5: 138 daAuts
